 Dungeon Crawl Stone Soup version 0.25.0-10-g039870ee82 (webtiles) character file.

Game seed: 7008027351122298379

97 shadizar the Sneak (level 4, 0/31 HPs)
             Began as an Octopode Fighter on June 22, 2020.
             Succumbed to an adder's poison
             ... on level 2 of the Dungeon.
             The game lasted 00:02:25 (1830 turns).

shadizar the Sneak (Octopode Fighter)               Turns: 1830, Time: 00:02:26

Health: 0/31       AC:  1    Str: 15    XL:     4   Next: 68%
Magic:  4/4        EV: 11    Int: 10    God:
Gold:   131        SH:  8    Dex: 12    Spells: 3/3 levels left

rFire    . . .     SeeInvis .   a - +0 long sword
rCold    . . .     Gourm    .   b - +0 kite shield
rNeg     . . .     Faith    .   (helmet restricted)
rPois    .         Spirit   .   (no amulet)
rElec    .         Reflect  .   (no ring)
rCorr    .         Harm     .   (no ring)
MR       .....                  (no ring)
Stlth    +++.......             (no ring)
HPRegen  0.10/turn              (no ring)
MPRegen  0.09/turn              (no ring)
                                (no ring)
                                (no ring)

@: lethally poisoned (0 -> -5)
A: almost no armour, stealthy swim, amphibious, 8 rings, constrict 8, camouflage
1, gelatinous body 1
a: no special abilities


You were on level 2 of the Dungeon.
You were not hungry.

You visited 1 branch of the dungeon, and saw 3 of its levels.

You collected 131 gold pieces.

Inventory:

Hand Weapons
 a - a +0 long sword (weapon)
Armour
 b - a +0 kite shield (worn)
Scrolls
 e - 2 scrolls of enchant weapon {unknown}
 g - a scroll of random uselessness {unknown}
 i - a scroll of identify {unknown}
 j - a scroll of amnesia {unknown}
 k - a scroll of fog {unknown}
 l - a scroll of immolation {unknown}
 o - a scroll of remove curse {unknown}
Potions
 c - a potion of might
 h - a potion of heal wounds {unknown}
 m - a potion of invisibility {unknown}
 n - 3 potions of degeneration {unknown}
Comestibles
 d - 5 rations


   Skills:
 + Level 3.1 Fighting
 * Level 3.4 Long Blades
 + Level 3.0 Dodging
 + Level 4.1 Stealth
 + Level 3.0 Shields


You had 3 spell levels left.
You didn't know any spells.
Your spell library was empty.

Dungeon Overview and Level Annotations

Branches:
Dungeon (3/15)

Altars:
Ashenzari
Kikubaaqudgha
Qazlal
Sif Muna
Wu Jian


Innate Abilities, Weirdness & Mutations

You cannot wear most types of armour.
You are very stealthy in the water. (Stealth+)
You are amphibious.
You can wear up to eight rings at the same time.
You can use your tentacles to constrict eight enemies at once.
Your skin changes colour to match your surroundings (Stealth+).
Your rubbery body absorbs attacks. (AC +1, EV +1)


Message History

The adder poisons you!
The goblin shoots a stone.
You block the stone.
The goblin shoots a stone.
The stone hits you. You block the adder's attack.
You feel sick.
The goblin shoots a stone.
You block the stone.
You see here a stone.
You feel sick. The adder bites you.
You feel sick. The adder barely misses you.
You feel sick. You block the adder's attack.
You see here a +0 club.
The adder bites you.
* * * LOW HITPOINT WARNING * * *
You are lethally poisoned!
The adder poisons you!
There is a stone staircase leading up, spattered with blood here.
* * * LOW HITPOINT WARNING * * *
You feel sick. The adder bites you.
* * * LOW HITPOINT WARNING * * *
You climb upwards.
You die...

..#######.##.####.#######
.......)..##.# #.###
..##.####.##.# #.#.#
..##)####.##.####.#.##
...............##.#..#
.....)...(...........#
...#.#...............#
.........#......#.#..#
.#.#.#...#......@S...#
.#.#.#...............#
.#.#.#.#..........##.#
.......#+#...........#
.#...#......#.#.#.##.#
............#.#.#.##.###
.#..##........#.#.##.#.#
..............#.#.##.#.#
....#...........#.##.#.#


You could see an adder.

Vanquished Creatures
  An adder (D:2)
  3 gnolls (D:2)
  An ooze (D:2)
  A worm (D:2)
  2 dart slugs
  3 leopard geckos
  A giant cockroach (D:2)
  7 hobgoblins
  6 kobolds
  A quokka (D:2)
  2 ball pythons (D:2)
  9 bats
  5 frilled lizards
  3 goblins (D:2)
  4 rats
49 creatures vanquished.

Notes
Turn   | Place    | Note
-------+----------+-------------------------------------------
     0 | D:1      | shadizar the Octopode Fighter began the quest for the Orb.
     0 | D:1      | Reached XP level 1. HP: 16/16 MP: 1/1
    14 | D:1      | Reached skill level 1 in Stealth
   119 | D:1      | Reached skill level 2 in Stealth
   119 | D:1      | Reached XP level 2. HP: 21/21 MP: 2/2
   842 | D:1      | Reached XP level 3. HP: 26/26 MP: 3/3
   918 | D:2      | Reached skill level 3 in Stealth
  1070 | D:2      | Reached XP level 4. HP: 17/31 MP: 4/4
  1110 | D:2      | Reached skill level 4 in Stealth
  1511 | D:2      | Found an ancient bone altar of Kikubaaqudgha.
  1513 | D:2      | Found a stormy altar of Qazlal.
  1516 | D:2      | Found a shimmering blue altar of Sif Muna.
  1516 | D:2      | Found a shattered altar of Ashenzari.
  1517 | D:2      | Found an ornate altar of the Wu Jian Council.
  1829 | D:3      | HP: 1/31 [adder (4)]
  1830 | D:2      | Succumbed to an adder's poison

Illustrated notes

Levels and vault maps discovered:
D:1:      minmay_arrival_arboretum_small, layout_loops_ring, minmay_tromino_i2
D:2:      layout_basic, grunt_temple_overflow_open
D:3:      layout_rooms, kennysheep_slug_shrine,
          nicolae_ru_great_annihilating_truth, uniq_robin

Skill      XL: |  1  2  3  4 |
---------------+-------------+-----
Stealth        | 2 3 4 |  4.1
Long Blades    | 3 |  3.4
Fighting       | |  3.1
Dodging        | |  3.0
Shields        | |  3.0

Action                   |  1- 3 |  4- 6 || total
-------------------------+-------+-------++-------
Melee: Long sword        |    55 |    27 ||    82
       Constrict         |    10 |     6 ||    16
       Tentacles         |     4 |     5 ||     9
 Stab: Sleeping          |     6 |       ||     6
  Eat: Chunk             |       |     3 ||     3
Armor: Skin              |     6 |     3 ||     9
Dodge: Dodged            |    23 |    13 ||    36
Block: Kite shield       |    24 |    16 ||    40
       Rpst.: Long sword |     7 |     1 ||     8
